AoeStats
← _xRegulusx_

Lombardia

508552288Analyzed
4v4 RM · 10d ago on Sep 23, 2026· 17m 57s· 8 players
Game mode
Random Map
Map size
Large (8 player)
Population
200
Speed
Normal
Resources
Standard
Victory
Conquest
Starting age
Dark Age
Ending age
Imperial Age
RankedLock teamsTeams togetherTeam positionsShared explorationLock speedFull tech treeHidden civsTurbo modeCheats
Victory
Defeat
🇲🇽 Magyars · Mexico
1475
+12
🇲🇽 Franks · Mexico
1450
+13
🇳🇿 Varangians · New Zealand
1297
+19
🇦🇷 Georgians · Argentina
1236
+23
🇧🇷 Berbers · Brazil
1456
-20
🇦🇷 Tatars · Argentina
1422
-18
🇧🇷 Britons · Brazil
1356
-16
🇦🇷 Goths · Argentina
1279
-13
[GdSur] Mate_Amargo
7:44 Loom
11:20 Feudal Age
13:30 Double-Bit Axe
16:06 Castle Age
15:07 Stone Mining
Karzul
11:14 Feudal Age
12:27 Double-Bit Axe
15:32 Castle Age
13:29 Horse Collar
Caconero
11:50 Feudal Age
12:05 Feudal Age
16:03 Castle Age
15:26 Double-Bit Axe
15:25 Horse Collar
16:52 Heavy Plow
17:08 Bow Saw
17:54 Stone Mining
grain8720
11:40 Feudal Age
15:31 Castle Age
13:45 Stone Mining
13:45 Double-Bit Axe
_xRegulusx_
9:34 Feudal Age
10:04 Double-Bit Axe
9:59 Horse Collar
19:12 Castle Age
17:51 Gold Mining
OM | Massiosare
10:20 Feudal Age
elnegrovisioso
7:44 Loom
10:06 Feudal Age
10:38 Double-Bit Axe
14:21 Horse Collar
16:22 Wheelbarrow
20:15 Castle Age
WaffNub
11:05 Feudal Age
9:54 Loom
16:18 Castle Age
14:53 Double-Bit Axe
15:22 Horse Collar
18:34 Forging
Connection lost

Rejoining the realm…

Still unreachable

The connection could not be restored.

Session expired

The server has moved on; the page needs a fresh start.